 Dungeon Crawl Stone Soup version 0.22-a0-283-g1871b15 (webtiles) character file.

42 Gorglomux the Ruffian (level 3, -9/26 HPs)
             Began as a Minotaur Earth Elementalist on Mar 18, 2018.
             Mangled by Sigmund
             ... wielding a +0 scythe
              (11 damage)
             ... on level 2 of the Dungeon.
             The game lasted 00:01:38 (1835 turns).

Gorglomux the Ruffian (Minotaur Earth Elementalist) Turns: 1835, Time: 00:01:39

Health: -9/26      AC: 10    Str: 18    XL:     3   Next: 35%
Magic:  4/4        EV:  7    Int: 12    God:
Gold:   4          SH:  0    Dex: 10    Spells: 3/4 levels left

rFire    . . .     SeeInvis .     - Unarmed
rCold    + . .     Gourm    .   (no shield)
rNeg     . . .     Faith    .   j - +0 chain mail
rPois    .         Spirit   .   (helmet restricted)
rElec    .         Reflect  .   (no cloak)
rCorr    .         Harm     .   (no gloves)
MR       .....                  (no boots)
Stlth    ..........             (no amulet)
HPRegen  0.48/turn              (no ring)
MPRegen  0.09/turn              (no ring)

@: confused, mighty
A: retaliatory headbutt, beak, horns 2, slimy green scales 1, camouflage 1, cold
resistance 1, high mp 1, regeneration 1
a: no special abilities


You were on level 2 of the Dungeon.
You were very hungry.

You visited 1 branch of the dungeon, and saw 2 of its levels.

You collected 4 gold pieces.

Inventory:

Missiles
 b - 45 stones (quivered)
Armour
 j - a +0 chain mail (worn)
Scrolls
 g - a scroll of blinking {unknown}
Comestibles
 d - a ration


   Skills:
 + Level 0.1 Fighting
 + Level 0.1 Armour
 - Level 2.1 Dodging
 - Level 1.5 Stealth
 + Level 3.3 Unarmed Combat
 - Level 1.3 Spellcasting
   Level 0.7 Transmutations
 - Level 2.4 Earth Magic


You had 3 spell levels left.
You knew the following spells:

 Your Spells              Type           Power        Failure   Level  Hunger
a - Sandblast             Erth           #.....       86%         1    ##.....


Dungeon Overview and Level Annotations

Branches:
Dungeon (2/15)

Altars:

Annotations:
D:2 Sigmund


Innate Abilities, Weirdness & Mutations

You reflexively headbutt those who attack you in melee.
You have a pair of horns on your head.
You have a beak for a mouth.
You are partially covered in slimy green scales. (AC +2)
Your skin changes colour to match your surroundings (Stealth+).
Your flesh is cold resistant. (rC+)
You have an increased reservoir of magic. (+10% MP)
Your natural rate of healing is unusually fast.


Message History

It was a potion of mutation!
You feel extremely butt!
Your skin functions as natural camouflage!
You feel less in control of your magic!
You feel more energetic!
Your mouth lengthens and hardens into a beak!!!
It was a butt of might!
You feel very mighty all of a sudden!
Sigmund hits you with a scythe! * * * butt't die
* * * It was a potion of magic!
Magic courses through your body!
Sigmund mumbles some strange words!
Sigmund flickers and vanishes!!!
Deactivating autopickup; reactivate with Ctrl-A!
Unknown command!
Really quaff
e - a potion of butt {!!.q}?
You feel extremely strange!
You regain control of butt's magic!
You feel resistant to cold!
Butt green scales grow over part of your body!
You begin to butt more quickly!
Something hits you!!! rip

#.......####.### ..#..
#..........#.# .....
#.....#.##.#.# .>....
####..#.##.#.####!.....
#.....#.#.##.'......
#.###.#.#.##.# #.
#.#.#.##.# #.#.#....#
#..@###### #..{...#
#?.....#.# .>.....#.# #
....... .# ....... ..
.....?. ?. ......# ##.


There were no monsters in sight!

Vanquished Creatures
  An adder (D:2)
  2 dart slugs (D:1)
  2 leopard geckos (D:1)
  3 bats
  2 giant cockroaches (D:1)
  7 goblins
  3 hobgoblins (D:1)
  A frilled lizard (D:1)
  4 kobolds
  A rat (D:1)
26 creatures vanquished.

Notes
Turn   | Place    | Note
-------+----------+-------------------------------------------
     0 | D:1      | Gorglomux the Minotaur Earth Elementalist began the quest for the Orb.
     0 | D:1      | Reached XP level 1. HP: 14/14 MP: 1/1
    34 | D:1      | Reached skill level 1 in Unarmed Combat
   184 | D:1      | Reached XP level 2. HP: 13/20 MP: 3/3
   197 | D:1      | Reached skill level 2 in Unarmed Combat
  1244 | D:1      | Reached skill level 3 in Unarmed Combat
  1366 | D:1      | Reached XP level 3. HP: 26/26 MP: 4/4
  1807 | D:2      | Noticed Sigmund
  1832 | D:2      | Gained mutation: Your skin changes colour to match your surroundings (Stealth+). [potion of mutation]
  1832 | D:2      | Gained mutation: Your spells are a little harder to cast, but a little more powerful. [potion of mutation]
  1832 | D:2      | Gained mutation: You have an increased reservoir of magic. (+10% MP) [potion of mutation]
  1832 | D:2      | Gained mutation: You have a beak for a mouth. [potion of mutation]
  1833 | D:2      | HP: 1/26 [Sigmund/scythe (1)]
  1835 | D:2      | Lost mutation: Your spells are a little harder to cast, but a little more powerful. [potion of mutation]
  1835 | D:2      | Gained mutation: Your flesh is cold resistant. (rC+) [potion of mutation]
  1835 | D:2      | Gained mutation: You are partially covered in slimy green scales. (AC +2) [potion of mutation]
  1835 | D:2      | Gained mutation: Your natural rate of healing is unusually fast. [potion of mutation]
  1835 | D:2      | Mangled by Sigmund

Vault maps used:
D:1:      eino_arrival_tree_alley
D:2:      lemuel_doored_altar, uniq_sigmund

Skill      XL: |  1  2 |
---------------+-------+-----
Unarmed Combat | 1 3 |  3.3
Fighting       | |  0.1
Armour         | |  0.1
Dodging        | |  2.1
Stealth        | |  1.5
Spellcasting   | |  1.3
Transmutations | |  0.7
Earth Magic    | |  2.4

Action                   || total
-------------------------++-------
Melee: Unarmed           ||    97
       Headbutt          ||    10
       Punch             ||     2
 Cast: Sandblast         ||     4
  Use: Potion            ||     4
 Stab: Sleeping          ||     2
  Eat: Chunk             ||     2
Armor: Robe              ||    13
       Chain mail        ||     6
Dodge: Dodged            ||    52

Table legend:
 A = Spawn XP
 B = Non-spawn XP
 C = Spawn XP percentage of total XP
 D = Spawn monster count
 E = Non-spawn monster count
 F = Spawn count percentage of total count
 G = Total turns spent on level
                    A         B        C        D         E        F      G
               +---------+---------+-------+---------+---------+-------+---------
         Total |       0 |      61 |   0.0 |       0 |      26 |   0.0 |  1835
               +---------+---------+-------+---------+---------+-------+---------
           D:1 |       0 |      43 |   0.0 |       0 |      22 |   0.0 |  1722
           D:2 |       0 |      18 |   0.0 |       0 |       4 |   0.0 |   113
               +---------+---------+-------+---------+---------+-------+---------
